 Dungeon Crawl Stone Soup version 0.29.0-11-gd7f09526c8 (webtiles) character file.

Game seed: 7395105377263525316

91 pacmanke6689 the Trooper (level 4, 0/60 HPs)
             Began as a Draconian Fighter on Sept 4, 2022.
             Succumbed to an adder's poison
             ... on level 3 of the Dungeon.
             The game lasted 00:04:21 (1861 turns).

pacmanke6689 the Trooper (Draconian Fighter)        Turns: 1861, Time: 00:04:21

Health: 0/60       AC: 22    Str: 18    XL:     4   Next: 33%
Magic:  4/4        EV:  2    Int:  7    God:
Gold:   87         SH:  6    Dex: 16    Spells: 2/3 levels left

rFire   . . .      SeeInvis .   a - +0 war axe
rCold   . . .      Faith    .   b - +1 buckler
rNeg    . . .      Spirit   .   (body armour unavailable)
rPois   +          Reflect  .   (helmet currently unavailable)
rElec   .          Harm     .   (cloak currently unavailable)
rCorr   .          Rampage  .   (gloves currently unavailable)
Will    .....      NoTele   +   (boots currently unavailable)
Stlth   ++........              (no amulet)
HPRegen 0.20/turn               (no ring)
MPRegen 0.09/turn               (no ring)

@: mighty, lethally poisoned (0 -> -1), tree-form
A: stationary, stasis, torment immunity, boosted hp, AC +5, unfitting armour,
(cold-blooded), (large bone plates 1), agile 1
a: no special abilities


You were on level 3 of the Dungeon.
You were a tree.
You visited 1 branch of the dungeon, and saw 3 of its levels.

You collected 87 gold pieces.

Inventory:

Hand Weapons
 a - a +0 war axe (weapon)
Armour
 b - a +1 buckler (worn)
 d - a scarf of invisibility (melded)
Scrolls
 g - 2 scrolls of poison {unknown}
 h - a scroll of silence {unknown}
Potions
 c - a potion of might


   Skills:
 + Level 4.0 Fighting
 + Level 3.1 Axes
 + Level 3.3 Dodging
 + Level 0.3 Stealth
 + Level 3.3 Shields


You had 2 spell levels left.
You knew the following spells:

 Your Spells              Type           Power      Damage    Failure   Level
a - Sandblast             Erth           0%         2d4       52%         1

Your spell library contained the following spells:

 Spells                   Type           Power      Damage    Failure   Level
 Passwall                 Tmut/Erth      0%         N/A       67%         2
 Stone Arrow              Conj/Erth      0%         3d7       88%         3
 Dispersal                Tloc           0%         N/A       100%        6
 Disjunction              Tloc           0%         N/A       100%        8


Dungeon Overview and Level Annotations

Branches:
Dungeon (3/15)

Altars:


Innate Abilities, Weirdness & Mutations

You are a tree.
Your roots penetrate the ground, keeping you stationary.
You cannot be teleported.
You are immune to unholy pain and torment.
Your maximum health is greatly increased.
Your equipment is partially melded.
((Your plain brown scales are hard. (AC +5)))
You cannot fit into any form of body armour.
((You are cold-blooded and may be slowed by cold attacks.))
((You are partially covered in large bone plates. (SH +4)))
You are agile. (Dex +4, Str/Int -1)


Message History

You hit the adder.
The adder is lightly wounded.
You feel sick. You block the adder's attack.
You hit the adder but do no damage. You tail-slap the adder.
The adder is moderately wounded.
You feel sick. The adder barely misses you. The adder bites you.
* * * LOW HITPOINT WARNING * * *
You are more poisoned.
The adder poisons you!
You hit the adder but do no damage.
The adder is moderately wounded.
* * * LOW HITPOINT WARNING * * *
You feel sick. The adder bites you but does no damage. The adder bites you.
* * * LOW HITPOINT WARNING * * *
You feel very mighty all of a sudden.
* * * LOW HITPOINT WARNING * * *
You feel sick. The adder closely misses you.
You closely miss the adder.
The adder is lightly wounded.
* * * LOW HITPOINT WARNING * * *
You feel sick. The adder bites you but does no damage. The adder bites you.
* * * LOW HITPOINT WARNING * * *
It was a potion of flight.
You feel very buoyant.
You fly up into the air.
* * * LOW HITPOINT WARNING * * *
You feel sick. The adder barely misses you.
It was a potion of lignification.
You turn into a tree.
Your scarf of invisibility melds into your body.
Your roots penetrate the ground.
* * * LOW HITPOINT WARNING * * *
You feel sick. You block the adder's attack. The adder barely misses you.
It was a potion of mutation.
You feel extremely strange.
You feel agile.
Large bone plates grow over parts of your arms.
* * * LOW HITPOINT WARNING * * *
You feel sick. You block the adder's attack.
You barely miss the adder.
The adder is lightly wounded.
You die...

##########
#.....<..#
#.....†..#
#........#
#.....†..#
#.......)#
#......S♣#
#........#
#........#
#........#
#........#
#.......?#
#.<........
#........##.
#.........


You could see an adder.

Vanquished Creatures
  An orc wizard (D:3)
  2 adders (D:2)
  A dart slug (D:3)
  An orc (D:2)
  A bat (D:1)
  4 endoplasms
  A giant cockroach (D:1)
  6 goblins
  6 hobgoblins
  A quokka (D:2)
  9 ball pythons
  4 frilled lizards (D:1)
  3 kobolds
  5 rats
45 creatures vanquished.

Notes
Turn   | Place    | Note
-------+----------+-------------------------------------------
     0 | D:1      | pacmanke6689 the Draconian Fighter began the quest for the
                  | Orb.
     0 | D:1      | Reached XP level 1. HP: 19/19 MP: 1/1
   320 | D:1      | Reached XP level 2. HP: 26/26 MP: 2/2
  1029 | D:2      | Reached XP level 3. HP: 30/33 MP: 3/3
  1431 | D:2      | Learned a level 1 spell: Sandblast
  1596 | D:2      | Found a faded altar of an unknown god.
  1853 | D:3      | Reached skill level 4 in Fighting
  1853 | D:3      | Reached XP level 4. HP: 14/40 MP: 4/4
  1857 | D:3      | HP: 2/40 [adder (1)]
  1860 | D:3      | Gained mutation: You are agile. (Dex +4, Str/Int -1)
                  | [potion of mutation]
  1860 | D:3      | Gained mutation: You are partially covered in large bone
                  | plates. (SH +4) [potion of mutation]
  1861 | D:3      | Succumbed to an adder's poison

Illustrated notes

Levels and vault maps discovered:
D:1:      enne_arrival_octagon_isle, layout_loops_ring, minmay_misc_feat_alley
D:2:      layout_basic, shapermc_ecumenical_altar_gd
D:3:      layout_rooms

Skill      XL: |  1  2  3 |
---------------+----------+-----
Dodging        | 3 |  3.3
Fighting       | 4 |  4.0
Axes           | 3 |  3.1
Stealth        | |  0.3
Shields        | |  3.3

Action                   |  1- 3 |  4- 6 || total
-------------------------+-------+-------++-------
Melee: War axe           |   137 |     5 ||   142
       Tailslap          |    10 |     1 ||    11
  Use: Scroll            |     6 |       ||     6
       Potion            |     1 |     4 ||     5
 Stab: Sleeping          |     1 |       ||     1
Armor: Skin              |    54 |     2 ||    56
Dodge: Dodged            |    98 |     4 ||   102
Block: Buckler           |    32 |     3 ||    35
